Match 45195914
Unlisted

Match 45195914
End
Construct Weapon Support Center
Selects Heavy Weapons
M1919 Machine Gun Team
M1919 Machine Gun Team
Bazooka Squad
Bazooka Squad
Improved M9 Bazooka Rockets
Air Support Center
Selects M2HB .50cal Heavy Machine Gun
M3 Armored Personnel Carrier
P-47 Dive Bomb
M3 Armored Personnel Carrier
M3 Armored Personnel Carrier
P-47 Strafing Run
Selects Assault Carriers
Selects Exchangeable Parts
Bazooka Squad
M1919 Machine Gun Team
Engineer Squad
M1919 Machine Gun Team
P-47 Strafing Run
Construct Tank Depot
P-47 Dive Bomb
M18 Hellcat Tank Destroyer
P-47 Strafing Run
Construct Medical Station
P-47 Strafing Run
P-47 Dive Bomb
M18 Hellcat Tank Destroyer
Engineer Squad
Engineer Squad
P-47 Strafing Run
P-47 Dive Bomb
M4(105) Sherman Bulldozer
P-47 Dive Bomb
P-47 Dive Bomb
P-47 Strafing Run
Construct Barracks
P-47 Strafing Run
P-47 Dive Bomb
Selects M26 Pershing Heavy Tank
M26 Pershing Heavy Tank
Bazooka Squad
P-47 Dive Bomb
P-47 Strafing Run
Riflemen Squad
Riflemen Squad
Riflemen Squad
P-47 Dive Bomb
Grenade Package
P-47 Strafing Run
P-47 Dive Bomb
M26 Pershing Heavy Tank
P-47 Strafing Run
P-47 Strafing Run
Selects Rapid Reposition
Selects Black Dragon Artillery Barrage
P-47 Dive Bomb
P-47 Strafing Run
P-47 Dive Bomb
P-47 Strafing Run
M18 Hellcat Tank Destroyer
M18 Hellcat Tank Destroyer
P-47 Dive Bomb
P-47 Strafing Run
M18 Hellcat Tank Destroyer
Grasshopper Recon Run
P-47 Dive Bomb
P-47 Dive Bomb
P-47 Strafing Run
P-47 Dive Bomb
P-47 Dive Bomb
M18 Hellcat Tank Destroyer
P-47 Strafing Run
Riflemen Squad
Riflemen Squad
Bazooka Squad
Bazooka Squad
Nemesis28
KingNothing
Shamtu™ ☆☆ Bimberek
hop.lalai.laaa
Be Frabjous
water
Boat Goes Binted
Hirys it's Irys
0
0

Comments sign in to comment!

No comments posted yet!